 Dungeon Crawl Stone Soup version 0.29.1-2-gbd0b4ee654 (webtiles) character file.

Game seed: 3852635066596309508

768 hawla the Chiller (level 7, -4/40 HPs)
             Began as a Deep Elf Ice Elementalist on Nov 24, 2022.
             Shot with an arrow by a centaur (7 damage)
             ... on level 5 of the Dungeon.
             The game lasted 00:07:56 (4938 turns).

hawla the Chiller (Deep Elf Ice Elementalist)       Turns: 4938, Time: 00:07:56

Health: -4/40      AC:  4    Str:  5    XL:     7   Next: 52%
Magic:  15/18      EV: 13    Int: 22    God:
Gold:   316        SH:  0    Dex: 15    Spells: 12/18 levels left

rFire   . . .      SeeInvis .   g - +4 short sword (distort)
rCold   . . .      Faith    .   (no shield)
rNeg    . . .      Spirit   .   a - +1 robe
rPois   .          Reflect  .   p - +0 helmet
rElec   .          Harm     .   (no cloak)
rCorr   .          Rampage  .   (no gloves)
Will    .....                   (no boots)
Stlth   ++........              (no amulet)
HPRegen 0.13/turn               (no ring)
MPRegen 0.16/turn               (no ring)

@: freezing walls
A: no striking features
a: no special abilities


You were on level 5 of the Dungeon.
You visited 1 branch of the dungeon, and saw 5 of its levels.

You collected 316 gold pieces.

Inventory:

Hand Weapons
 g - a +4 short sword of distortion (weapon)
Armour
 a - a +1 robe (worn)
 p - a +0 helmet (worn)
Magical Staves
 d - a staff of conjuration
 v - a staff of poison
Jewellery
 k - a +6 ring of dexterity
Wands
 t - a wand of flame (12)
Scrolls
 l - a scroll of butterflies {unknown}
 m - a scroll of blinking {unknown}
 n - a scroll of poison
 o - a scroll of fear
 u - a scroll of teleportation {unknown}
Potions
 b - 2 potions of magic
 c - a potion of curing
 e - 3 potions of heal wounds
 f - 2 potions of cancellation {unknown}
 h - 2 potions of degeneration {unknown}
 i - a potion of haste
 j - a potion of flight {unknown}
 q - a potion of invisibility {unknown}
 r - a potion of berserk rage {unknown}
 s - a potion of attraction {unknown}


   Skills:
 + Level 2.5 Fighting
 + Level 3.0 Short Blades
 + Level 4.3 Dodging
 - Level 2.4 Stealth
 + Level 6.2 Spellcasting
 + Level 0.6 Translocations
 + Level 6.6 Ice Magic


You had 12 spell levels left.
You knew the following spells:

 Your Spells              Type           Power      Damage    Failure   Level
a - Freeze                Ice            100%       1d11      1%          1
b - Frozen Ramparts       Ice            72%        1d11      1%          3
c - Blink                 Tloc           18%        N/A       11%         2

Your spell library contained the following spells:

 Spells                   Type           Power      Damage    Failure   Level
 Ozocubu's Armour         Ice            36%        N/A       1%          3
 Shock                    Conj/Air       24%        1d4       9%          1
 Static Discharge         Conj/Air       6%         3-4/arc   14%         2
 Sublimation of Blood     Necr           6%         N/A       14%         2
 Wereblood                Tmut           6%         N/A       14%         2
 Hailstorm                Conj/Ice       21%        3d6       22%         4
 Summon Guardian Golem    Hex/Summ       6%         N/A       26%         3
 Swiftness                Air            6%         N/A       26%         3
 Airstrike                Air            3%         2d(1-17)  65%         4
 Dispel Undead            Necr           6%         3d8       65%         4
 Sticky Flame             Conj/Fire      6%         2d3       65%         4
 Manifold Assault         Tloc           9%         N/A       88%         5
 Fireball                 Conj/Fire      3%         3d4       94%         5
 Starburst                Conj/Fire      3%         6d3       100%        6
 Orb of Destruction       Conj           3%         9d5       100%        7
 Spellforged Servitor     Conj/Summ      3%         N/A       100%        7
 Storm Form               Tmut/Air       3%         N/A       100%        7
 Summon Hydra             Summ           3%         N/A       100%        7
 Ignition                 Fire           3%         3d4       100%        8


Dungeon Overview and Level Annotations

Branches:
Dungeon (5/15)
 Temple: D:4-7

Altars:
Elyvilon
Yredelemnul
Zin
The Shining One


Message History

HP restored.
Found a stone staircase leading up.
Found a leather armour.
You see here a +0 leather armour.
Found a stone staircase leading down.
A scorpion comes into view.
Casting: Frozen Ramparts (safe; 1% risk of failure)
Confirm with . or Enter, or press ? or * to list all spells.
Casting: Frozen Ramparts (safe; 1% risk of failure)
Press: ? - help, Dir - look around, f - activate The walls around you are covered in ice.
The wall freezes the scorpion!
You hit the scorpion.
Space warps horribly around the scorpion!
You kill the scorpion!
The frozen ramparts melt away.
You pick up a book of Fire and begin reading...
You add the spells Fireball, Starburst and Ignition to your library.
v - a staff of poison A centaur comes into view.
A centaur is nearby!
The centaur shouts!
The centaur wields a +0 shortbow.
The centaur shoots an arrow.
The arrow hits you.
The centaur shoots an arrow.
The arrow barely misses you.
The centaur shoots an arrow.
The arrow barely misses you.
Casting: Frozen Ramparts (safe; 1% risk of failure)
Confirm with . or Enter, or press ? or * to list all spells.
Casting: Frozen Ramparts (safe; 1% risk of failure)
Press: ? - help, Dir - look around, f - activate The walls around you are covered in ice.
The centaur shoots an arrow.
The arrow hits you!
The centaur shoots an arrow.
The arrow misses you.
The centaur shoots an arrow.
The arrow hits you!
The centaur shoots an arrow.
The arrow hits you!
* * * LOW HITPOINT WARNING * * *
The centaur shoots an arrow.
The arrow hits you!
* * * LOW HITPOINT WARNING * * *
The centaur shoots an arrow.
The arrow hits you!
You die...

............####
..............#.#
..................
..................
..................
...............#
............c#
#......@#
##.....## ##...##
##.## ####.#
#....# #.####
#######.#
#.......#


You could see a centaur.

Vanquished Creatures
  An ice beast (D:4)
  A phantom (D:4)
  3 scorpions
  A howler monkey (D:5)
  3 orc priests
  3 hounds (D:4)
  An iguana (D:4)
  An orc wizard (D:3)
  A gnoll (D:1)
  6 adders
  2 ufetubi
  2 worms
  2 dart slugs (D:2)
  6 orcs
  7 endoplasms
  A giant cockroach (D:2)
  10 goblins
  8 hobgoblins
  9 kobolds
  3 quokkas
  2 ball pythons
  7 bats
  4 frilled lizards
  5 rats
89 creatures vanquished.

Notes
Turn   | Place    | Note
-------+----------+-------------------------------------------
     0 | D:1      | hawla the Deep Elf Ice Elementalist began the quest for the
                  | Orb.
     0 | D:1      | Reached XP level 1. HP: 10/10 MP: 6/6
   380 | D:1      | Reached XP level 2. HP: 9/15 MP: 4/8
   591 | D:1      | Reached skill level 5 in Ice Magic
   683 | D:1      | Found a faded altar of an unknown god.
  1002 | D:1      | Reached XP level 3. HP: 19/19 MP: 9/9
  1006 | D:1      | Learned a level 3 spell: Frozen Ramparts
  1925 | D:2      | Reached XP level 4. HP: 20/24 MP: 11/11
  2569 | D:3      | Reached skill level 1 in Short Blades
  2611 | D:3      | Found a basalt altar of Yredelemnul.
  2642 | D:3      | Reached XP level 5. HP: 15/28 MP: 8/13
  3648 | D:4      | Learned a level 2 spell: Blink
  3713 | D:4      | Reached XP level 6. HP: 22/33 MP: 14/14
  3975 | D:4      | Found a glowing silver altar of Zin.
  3975 | D:4      | Found a white marble altar of Elyvilon.
  3978 | D:4      | Found a glowing golden altar of the Shining One.
  4026 | D:4      | Reached skill level 1 in Fighting
  4026 | D:4      | Noticed an ice beast
  4044 | D:4      | Killed an ice beast
  4045 | D:4      | Reached skill level 5 in Spellcasting
  4144 | D:4      | Reached XP level 7. HP: 35/38 MP: 13/17
  4607 | D:5      | Entered Level 5 of the Dungeon
  4938 | D:5      | Shot with an arrow by a centaur

Illustrated notes

Levels and vault maps discovered:
D:1:      denvon_arrival_hothouse, layout_loops_ring,
          dreamdust_ecumenical_altar_statues, chequers_serial_rivers_micro_b,
          item_on_display_a
D:2:      layout_basic, minivault_25, minmay_unequal
D:3:      layout_loops_cross, old_standard_altar, minmay_statues_item,
          minmay_close_crescents
D:4:      minmay_recursive_quarters, layout_rooms, dreamdust_divine_triumvirate
D:5:      layout_loops_cross, minmay_temple_entry_fiery, minivault_11,
          nicolae_figureground_pulse

Skill      XL: |  1  2  3  4  5  6  7 |
---------------+----------------------+-----
Ice Magic      | 5 6 |  6.6
Dodging        | 3 4 |  4.3
Short Blades   | 1 2 3 |  3.0
Spellcasting   | 4 5 6 |  6.2
Fighting       | 1 2 |  2.5
Stealth        | |  2.4
Translocations | |  0.6

Action                   |  1- 3 |  4- 6 |  7- 9 || total
-------------------------+-------+-------+-------++-------
Melee: Dagger            |    15 |       |       ||    15
       Unarmed           |     3 |       |       ||     3
       Punch             |     2 |       |       ||     2
       Short sword       |    39 |    62 |    14 ||   115
 Cast: Freeze            |     7 |       |       ||     7
       Frozen Ramparts   |     2 |    13 |     4 ||    19
       Blink             |       |       |     1 ||     1
  Use: Scroll            |     4 |     5 |       ||     9
       Potion            |       |     1 |       ||     1
 Stab: Sleeping          |     3 |     2 |       ||     5
Armor: Robe              |    22 |     8 |     5 ||    35
Dodge: Dodged            |    43 |    32 |     6 ||    81
